 Dungeon Crawl Stone Soup version 0.31-a0-836-g3ceb0a68c4 (webtiles) character file.

Game seed: 4926902352834258279

60 ipx the Chopper (level 4, 0/23 HPs)
             Began as a Vine Stalker Fighter on Sept 27, 2023.
             Slain by a hobgoblin
             ... wielding a +0 mace
             ... led by Robin
              (3 damage)
             ... on level 2 of the Dungeon.
             The game lasted 00:03:29 (233 turns).

ipx the Chopper (Vine Stalker Fighter)               Turns: 233, Time: 00:03:30

Health: 0/23       AC: 10    Str: 20    XL:     4   Next: 4%
Magic:  0/1        EV:  9    Int:  8    God:
Gold:   26         SH:  4    Dex: 14    Spells: 3/3 levels left

rFire   . . .        f - +2 morningstar (antimagic)
rCold   . . .        c - +0 buckler
rNeg    . . .        b - +0 scale mail
rPois   .            (no helmet)
rElec   .            (no cloak)
rCorr   .            (no gloves)
SInv    .            (no boots)
Will    .....        (no amulet) Stlth
                     P - +4 ring of protection
HPRegen 1.03/turn    (no ring)
MPRegen 0.07/turn

%: guardian spirit
@: no status effects
A: fangs 2, regeneration 1, magic shield, antimagic bite, no potion heal 2
a: no special abilities


You were on level 2 of the Dungeon.
You visited 1 branch of the dungeon, and saw 2 of its levels.

You collected 26 gold pieces.

Inventory:

Hand Weapons
 a - a +0 war axe
 f - a +2 antimagic morningstar (weapon)
Armour
 b - a +0 scale mail (worn)
 c - a +0 buckler (worn)
Jewellery
 P - a +4 ring of protection (left hand)
Scrolls
 g - a scroll of brand weapon {unknown}
 i - a scroll of enchant weapon {unknown}
 k - a scroll of identify {unknown}
Potions
 d - a potion of might
 e - a potion of ambrosia {unknown}
 h - a potion of haste {unknown}
 j - a potion of lignification {unknown}


   Skills:
 - Level 2.7 Fighting
 - Level 2.7(3.2) Axes
 + Level 2.3(3.0) Maces & Flails
 - Level 2.4 Armour
 - Level 2.6 Shields


You had 3 spell levels left.
You didn't know any spells.
Your spell library was empty.

Dungeon Overview and Level Annotations

Branches:
Dungeon (2/15)

Altars:


Innate Abilities, Weirdness & Mutations

You have extremely sharp teeth.
Your natural rate of healing is unusually fast.
When hurt, damage is shared between your health and your magic reserves.
Your bite disrupts and absorbs the magic of your enemies.
Potions cannot restore your health.


Message History

Robin hits you but does no damage. The goblin barely misses you.
The goblin closely misses you. You block the goblin's attack.
The goblin hits you but does no damage.
You sock Robin!
You kill Robin!
The goblin hits you with a +0 club.
A goblin comes into view. It is wielding a +0 club.
The goblin hits you but does no damage.
Your Maces & Flails skill increases to level 2!
You puncture the goblin!
You kill the goblin!
The goblin hits you but does no damage. The hobgoblin hits you.
You barely miss the goblin. The goblin hits you but does no damage.
The goblin hits you with a +0 dagger. The hobgoblin hits you.
The goblin hits you with a +0 dagger.
* * * LOW HITPOINT WARNING * * *
You block the hobgoblin's attack. You block the goblin's attack.
You hit the goblin.
You kill the goblin!
The hobgoblin closely misses you. The goblin closely misses you.
You barely miss the hobgoblin. Your bite misses the hobgoblin.
The hobgoblin hits you but does no damage.
The goblin hits you with a +0 dagger.
* * * LOW HITPOINT WARNING * * *
You puncture the hobgoblin!
You kill the hobgoblin!
The goblin barely misses you. You block the goblin's attack.
You have reached level 4!
You feel agile.
You sock the goblin!
You kill the goblin!
The goblin barely misses you.
You hit the goblin. You bite the goblin.
You kill the goblin!
The hobgoblin hits you with a +0 mace!
* * * LOW HITPOINT WARNING * * *
You barely miss the hobgoblin.
The hobgoblin no longer looks unusually strong.
The hobgoblin hits you with a +0 mace.
You die...

... #. ##.## ... #...#
#.### #...# #... #...#
####.####
#####.<.#####.......# #
####...........#<##.# #.##
#............))g....##.....
..##.<.......)@#.##†..g#
#####...#####g#.g†.## #...#
#...##.# #.#.# #..## ...
#...# ##.. ..# ##.## ##..
..)# .# #.# .## .# .. ..


You could see a hobgoblin.

Vanquished Creatures
  Robin (D:2)
  An adder (D:2)
  5 bats (D:1)
  5 endoplasms
  2 giant cockroaches
  9 goblins (D:2)
  2 hobgoblins
  5 jackals (D:1)
  A frilled lizard (D:1)
  A kobold (D:1)
  2 rats (D:2)
34 creatures vanquished.

Notes
Turn   | Place    | Note
-------+----------+-------------------------------------------
     0 | D:1      | ipx the Vine Stalker Fighter began the quest for the Orb.
     0 | D:1      | Reached XP level 1. HP: 11/11 MP: 2/2
    74 | D:2      | Reached XP level 2. HP: 5/16 MP: 1/3
   190 | D:1      | Reached skill level 1 in Maces & Flails
   190 | D:1      | Reached XP level 3. HP: 19/19 MP: 1/4
   200 | D:2      | Noticed Robin
   225 | D:2      | Killed Robin
   231 | D:2      | Reached XP level 4. HP: 8/23 MP: 0/5
   233 | D:2      | Slain by a hobgoblin

Illustrated notes

Levels and vault maps discovered:
D:1:      sevenhm_arrival_forest_fort_large_1, layout_basic, st_stairs_4,
          minmay_misc_feat_four_crosses, minmay_misc_feat_square,
          minmay_ruptured
D:2:      layout_loops_cross, ebering_ecumenical_altar_rust, basic_altar,
          eino_tiny_chamber, minmay_misc_feat_ornament, minmay_hexomino_u4,
          uniq_robin

Skill      XL: |  1  2  3 |
---------------+----------+-----
Axes           | 2 |  2.7
Maces & Flails | 1 2 |  2.3
Fighting       | |  2.7
Armour         | |  2.4
Shields        | |  2.6

Action                     |  1- 3 |  4- 6 || total
---------------------------+-------+-------++-------
  Melee: War axe           |    36 |       ||    36
         Bite              |    10 |     1 ||    11
         Morningstar       |    45 |     3 ||    48
 Armour: Scale mail        |    92 |     2 ||    94
  Dodge: Dodged            |    49 |     1 ||    50
  Block: Buckler           |    20 |       ||    20

Table legend: (Time is in decaauts)
 A = Elapsed time spent in this place.
 B = Non-inter-level travel time spent in this place.
 C = Inter-level travel time spent in this place.
 D = Time resting spent in this place.
 E = Time spent auto-exploring this place.
 F = Levels seen in this place.
 G = Mean time per level.
                   A        B        C        D        E       F      G
               +--------+--------+--------+--------+--------+-----+--------+
         Total |    265 |    260 |      5 |      0 |      0 |   2 |  132.5 |
       Dungeon |    265 |    260 |      5 |      0 |      0 |   2 |  132.5 |
               +--------+--------+--------+--------+--------+-----+--------+

Top non-repeatable levels by time:
     D:1: 202 daAuts
     D:2: 63 daAuts
